 Dungeon Crawl Stone Soup version 0.29.1-1-gd02db6906a (webtiles) character file.

Game seed: 5438345982667891011

444 fireball365 the Chopper (level 6, -1/52 HPs)
             Began as a Minotaur Fighter on Oct 17, 2022.
             Was a Priest of Trog.
             Slain by Pikel
             ... wielding a +0 whip of flaming
              (6 damage)
             ... on level 5 of the Dungeon.
             The game lasted 00:13:05 (4067 turns).

fireball365 the Chopper (Minotaur Fighter)          Turns: 4067, Time: 00:13:05

Health: -1/52      AC:  8    Str: 20    XL:     6   Next: 72%
Magic:  0/5        EV:  9    Int:  5    God:    Trog [***...]
Gold:   207        SH:  5    Dex: 12    Spells: 5/5 levels left

rFire   . . .      SeeInvis .   a - +0 war axe
rCold   . . .      Faith    .   c - +0 buckler
rNeg    . . .      Spirit   +   b - +0 scale mail
rPois   .          Reflect  .   (helmet restricted)
rElec   .          Harm     .   (no cloak)
rCorr   .          Rampage  .   w - +0 pair of gloves
Will    .....                   (no boots)
Stlth   ..........              y - amulet of guardian spirit
HPRegen 0.17/turn               (no ring)
MPRegen 0.09/turn               (no ring)

@: mighty, invisible
A: horns 2, retaliatory headbutt
a: Renounce Religion, Berserk, Trog's Hand


You were on level 5 of the Dungeon.
You worshipped Trog.
Trog was most pleased with you.
You visited 1 branch of the dungeon, and saw 4 of its levels.

You collected 207 gold pieces.

Inventory:

Hand Weapons
 a - a +0 war axe (weapon)
Missiles
 i - 33 stones (quivered)
 j - 10 poisoned darts
Armour
 b - a +0 scale mail (worn)
 c - a +0 buckler (worn)
 w - a +0 pair of gloves (worn)
Jewellery
 l - an amulet of regeneration
 v - an amulet of magic regeneration
 y - an amulet of guardian spirit (around neck)
Scrolls
 e - a scroll of fear
 g - a scroll of enchant armour {unknown}
 h - 4 scrolls of identify
 m - a scroll of acquirement {unknown}
 r - a scroll of butterflies {unknown}
 t - a scroll of amnesia {unknown}
 u - a scroll of summoning
 z - 3 scrolls of magic mapping {unknown}
 A - 2 scrolls of teleportation {unknown}
Potions
 f - 2 potions of ambrosia {unknown}
 k - a potion of invisibility
 n - 2 potions of heal wounds {unknown}
 o - a potion of attraction {unknown}
 p - a potion of flight {unknown}
 q - a potion of curing {unknown}
 s - a potion of cancellation {unknown}
 x - a potion of magic {unknown}


   Skills:
 - Level 4.2 Fighting
 * Level 6.8 Axes
 + Level 5.1 Armour
 + Level 1.5 Dodging
 + Level 0.2 Stealth
 + Level 4.4 Shields


You had 5 spell levels left.
You didn't know any spells.
Your spell library contained the following spells:

 Spells                   Type           Power      Damage    Failure   Level
 Ensorcelled Hibernation  Hex/Ice        0%         N/A       96%         2
 Gell's Gravitas          Tloc           0%         N/A       99%         3
 Lesser Beckoning         Tloc           0%         N/A       99%         3
 Spider Form              Tmut/Pois      0%         N/A       99%         3
 Summon Guardian Golem    Hex/Summ       0%         N/A       99%         3
 Teleport Other           Tloc           0%         N/A       99%         3
 Anguish                  Hex/Necr       0%         N/A       100%        4
 Orb of Destruction       Conj           0%         9d5       100%        7
 Spellforged Servitor     Conj/Summ      0%         N/A       100%        7


Dungeon Overview and Level Annotations

Branches:
Dungeon (5/15)
 Temple: D:4-7

Altars:
Cheibriados
Fedhas
Trog
Xom
Zin

Annotations:
D:5 Pikel


Innate Abilities, Weirdness & Mutations

You have a pair of horns on your head.
You reflexively headbutt those who attack you in melee.


Message History

Pikel hits you with a +0 whip of flaming.
Pikel burns you. The shadow imp puffs mist at you.
You block the shadow imp's attack.
You closely miss Pikel. You closely miss the shadow imp.
The shadow imp gestures at you. Pain shoots through your body!
Pikel hits you with a +0 whip of flaming!
Pikel burns you.
You barely miss Pikel. You headbutt Pikel.
Pikel is lightly wounded.
You slash the shadow imp! The shadow imp hits you. Pikel closely misses you.
You hit Pikel. You headbutt Pikel, but do no damage.
Pikel is lightly wounded.
You closely miss the shadow imp. The shadow imp hits you.
* * * LOW HITPOINT WARNING * * *
Pikel hits you but does no damage.
You feel very mighty all of a sudden. The shadow imp hits you.
* * * LOW HITPOINT WARNING * * *
You block Pikel's attack.
You closely miss Pikel.
Pikel is lightly wounded.
You hit the shadow imp.
You kill the shadow imp!
Trog accepts your kill. Pikel completely misses you. You furiously retaliate!
You headbutt Pikel! You block Pikel's attack.
You slash Pikel! Your headbutt misses Pikel.
Pikel is almost dead.
Pikel hits you with a +0 whip of flaming.
* * * LOW HITPOINT WARNING * * *
Pikel burns you.
* * * LOW HITPOINT WARNING * * *
You fade into invisibility!
Pikel barely misses you.
You barely miss Pikel. You headbutt Pikel, but do no damage.
Pikel is almost dead.
Pikel hits you with a +0 whip of flaming!
You die...

.. #.# ## ##.# #.#
.# +..+ #.. ' #..#
#.. ##.
####.######..
#.K####....'.)'....
#..........#..#....
####..####)######..
#(@K..'..#..')..#..
#..####..#))#...#..
#..+ ####..#####..
#'## #### ... ..
...# ... ##.## .<..
.. .....


You could see Pikel (unable to see you).

Vanquished Creatures
  An ice beast (D:5)
  2 ogres (D:5)
  4 lemures (D:5)
  A hound (D:5)
  An iguana (D:3)
  A gnoll (D:5)
  3 adders
  A shadow imp (D:5)
  3 dart slugs
  4 orcs
  4 ball pythons
  6 endoplasms
  4 giant cockroaches
  12 goblins
  4 hobgoblins
  2 jackals (D:1)
  8 kobolds
  2 quokkas
  4 bats
  2 frilled lizards
  7 rats
  A bush (D:3)
77 creatures vanquished.

Vanquished Creatures (others)
  26 plants
26 creatures vanquished.

Grand Total: 103 creatures vanquished

Notes
Turn   | Place    | Note
-------+----------+-------------------------------------------
     0 | D:1      | fireball365 the Minotaur Fighter began the quest for the
                  | Orb.
     0 | D:1      | Reached XP level 1. HP: 19/19 MP: 0/0
   170 | D:1      | Found a faded altar of an unknown god.
   182 | D:1      | Prayed at the altar of an unknown god.
   182 | D:1      | Became a worshipper of Trog the Wrathful
   182 | D:1      | Reached * piety under Trog
   226 | D:1      | Reached XP level 2. HP: 26/27 MP: 1/1
  1130 | D:2      | Reached XP level 3. HP: 33/33 MP: 2/2
  1163 | D:2      | Reached ** piety under Trog
  1418 | D:2      | Reached skill level 3 in Axes
  2078 | D:3      | Reached XP level 4. HP: 36/40 MP: 3/3
  2157 | D:3      | Reached skill level 1 in Dodging
  2191 | D:3      | Reached skill level 4 in Axes
  2220 | D:3      | Found a snail-covered altar of Cheibriados.
  2222 | D:3      | Found a blossoming altar of Fedhas.
  2237 | D:3      | Found a shimmering altar of Xom.
  2531 | D:3      | Found a glowing silver altar of Zin.
  2892 | D:3      | You fall into a shaft and drop 2 floors!
  2892 | D:5      | Entered Level 5 of the Dungeon
  2935 | D:5      | Noticed an ogre
  2943 | D:5      | Killed an ogre
  2944 | D:5      | Reached skill level 5 in Axes
  2944 | D:5      | Reached XP level 5. HP: 31/46 MP: 2/4
  3023 | D:5      | Noticed an ice beast
  3035 | D:5      | Killed an ice beast
  3036 | D:5      | Reached skill level 6 in Axes
  3036 | D:5      | Reached XP level 6. HP: 36/52 MP: 2/5
  3153 | D:5      | Reached skill level 5 in Armour
  3716 | D:5      | Noticed Pikel
  4064 | D:5      | Reached *** piety under Trog
  4067 | D:5      | Slain by Pikel

Illustrated notes

Levels and vault maps discovered:
D:1:      minmay_arrival_four_loops, layout_basic,
          ebering_ecumenical_altar_webs, serial_bayou_pond_c
D:2:      layout_basic
D:3:      layout_basic, zin_treasury, gammafunk_temple_overflow_forgotten,
          chequers_serial_rivers_small_3
D:5:      corexii_shantytown, layout_loops_corners, dk_noncrumbling_2,
          roderic_nine_men_s_morris, uniq_pikel

Skill      XL: |  1  2  3  4  5  6 |
---------------+-------------------+-----
Fighting       | 4 |  4.2
Armour         | 4 5 |  5.1
Shields        | 4 |  4.4
Axes           | 3 5 6 |  6.8
Dodging        | 1 |  1.5
Stealth        | |  0.2

Action                   |  1- 3 |  4- 6 || total
-------------------------+-------+-------++-------
Melee: War axe           |   130 |   143 ||   273
       Headbutt          |    26 |    41 ||    67
  Use: Scroll            |     1 |     4 ||     5
       Potion            |       |     4 ||     4
Armor: Scale mail        |    61 |    45 ||   106
Dodge: Dodged            |    47 |    45 ||    92
Block: Buckler           |    23 |    25 ||    48
